 Dungeon Crawl Stone Soup version 0.29.1-15-g9cfb28693d (webtiles) character file.

Game seed: 350159244974768513

340 MacCMillion the Ruffian (level 6, -1/61 HPs)
             Began as a Troll Fighter on Feb 23, 2023.
             Slain by an orc
             ... wielding a +0 morningstar
              (9 damage)
             ... on level 4 of the Dungeon.
             The game lasted 00:03:35 (1838 turns).

MacCMillion the Ruffian (Troll Fighter)             Turns: 1838, Time: 00:03:35

Health: -1/61      AC:  5    Str: 25    XL:     6   Next: 30%
Magic:  5/5        EV:  8    Int:  6    God:
Gold:   311        SH:  7    Dex:  9    Spells: 5/5 levels left

rFire   . . .      SeeInvis .     - Unarmed
rCold   . . .      Faith    .   b - +0 kite shield
rNeg    . . .      Spirit   .   a - +0 robe
rPois   .          Reflect  .   (helmet restricted)
rElec   .          Harm     .   j - +0 cloak
rCorr   .          Rampage  .   (gloves unavailable)
Will    +....                   (boots unavailable)
Stlth   +.........              (no amulet)
HPRegen 1.00/turn               q - ring of willpower
MPRegen 0.09/turn               (no ring)

@: no status effects
A: large, unfitting armour, claws 3, regeneration 1, shaggy fur 1, tough skin 1
a: no special abilities


You were on level 4 of the Dungeon.
You visited 1 branch of the dungeon, and saw 4 of its levels.

You collected 311 gold pieces.

Inventory:

Missiles
 h - 3 javelins (quivered)
Armour
 a - a +0 robe (worn)
 b - a +0 kite shield (worn)
 j - a +0 cloak (worn)
Jewellery
 q - a ring of willpower (left claw)
Scrolls
 i - 2 scrolls of identify {unknown}
 k - a scroll of enchant weapon {unknown}
 n - a scroll of summoning {unknown}
 p - a scroll of blinking {unknown}
 s - a scroll of teleportation {unknown}
Potions
 c - 2 potions of might
 d - a potion of cancellation {unknown}
 e - 3 potions of magic {unknown}
 f - a potion of attraction {unknown}
 g - a potion of heal wounds {unknown}
 l - a potion of invisibility {unknown}
 m - a potion of brilliance {unknown}
 o - a potion of degeneration {unknown}
 r - a potion of flight {unknown}
 t - a potion of curing {unknown}


   Skills:
 + Level 3.5 Fighting
 - Level 2.4 Dodging
 + Level 3.9 Shields
 * Level 5.0 Unarmed Combat


You had 5 spell levels left.
You didn't know any spells.
Your spell library contained the following spells:

 Spells                   Type           Power      Damage    Failure   Level
 Foxfire                  Conj/Fire      0%         2x1d4     75%         1
 Sandblast                Erth           0%         2d4       75%         1
 Passwall                 Tmut/Erth      0%         N/A       86%         2
 Conjure Flame            Conj/Fire      0%         6-21      98%         3
 Inner Flame              Hex/Fire       0%         N/A       98%         3
 Stone Arrow              Conj/Erth      0%         3d7       98%         3
 Flame Wave               Conj/Fire      0%         2d4       100%        4


Dungeon Overview and Level Annotations

Branches:
Dungeon (4/15)
 Temple: D:4-7

Altars:
Kikubaaqudgha
Trog

Shops:
D:3 ==::


Innate Abilities, Weirdness & Mutations

You are too large for most types of armour.
You have claws for hands.
Your natural rate of healing is unusually fast.
You are covered in fur. (AC +1)
You have tough skin. (AC +1)


Message History

Your Unarmed Combat skill increases to level 5!
You scratch the orc priest.
The orc priest is lightly wounded.
You block the orc's attack.
The orc priest looks encouraged for a moment.
You scratch the orc priest but do no damage.
The orc priest is lightly wounded.
You block the orc's attack. The orc priest barely misses you.
You scratch the orc priest.
The orc priest is lightly wounded.
The orc barely misses you. You block the orc priest's attack.
You barely miss the orc priest.
The orc priest is lightly wounded.
You block the orc's attack.
The orc priest hits you with a +0 war axe.
You claw the orc priest!
The orc priest is almost dead.
The orc hits you with a +0 morningstar!
The orc priest hits you with a +0 war axe!
You closely miss the orc priest.
The orc priest is almost dead.
The orc hits you with a +0 morningstar.
The orc priest calls down the wrath of Beogh upon you.
Beogh smites you!
You barely miss the orc priest.
The orc priest is almost dead.
You block the orc's attack.
The orc priest hits you with a +0 war axe!
* * * LOW HITPOINT WARNING * * *
You block the orc priest's attack. The orc closely misses you.
You closely miss the orc priest.
The orc priest is almost dead.
The orc hits you but does no damage.
The orc priest mumbles some strange prayers to Beogh against you.
Beogh smites you!
* * * LOW HITPOINT WARNING * * *
You closely miss the orc priest.
The orc priest is almost dead.
The orc hits you with a +0 morningstar!
You die...

. #. .. .# .. ... ...
..##.... .... ...#....
#..# .../.. # #...###..#
.# ..##.#..@..# .## .
#......oo)## ##..#..
..........####..... .
............##..# ...
##.......#....# #.###
#.....#####...######....
#..... #>†....##......
##..##......#...........
#.. ##.....#...........


You could see an orc priest and an orc.

Vanquished Creatures
  An ogre (D:4)
  2 orc priests
  8 gnolls
  3 adders
  3 worms (D:2)
  A dart slug (D:1)
  9 orcs
  4 ball pythons
  3 bats
  12 endoplasms
  4 giant cockroaches
  7 hobgoblins
  2 quokkas (D:2)
  A frilled lizard (D:2)
  7 goblins
  3 kobolds (D:1)
  8 rats
78 creatures vanquished.

Notes
Turn   | Place    | Note
-------+----------+-------------------------------------------
     0 | D:1      | MacCMillion the Troll Fighter began the quest for the Orb.
     0 | D:1      | Reached XP level 1. HP: 22/22 MP: 0/0
    80 | D:1      | Reached XP level 2. HP: 29/29 MP: 1/1
   132 | D:1      | Reached XP level 3. HP: 36/36 MP: 2/2
   132 | D:1      | Found a faded altar of an unknown god.
   252 | D:1      | Reached skill level 3 in Unarmed Combat
   584 | D:2      | Reached XP level 4. HP: 44/44 MP: 3/3
   980 | D:3      | Found Funag's Book Shop.
   980 | D:3      | Found Fudash's Jewellery Shop.
   981 | D:3      | Found Qonwuyqu's Jewellery Shoppe.
  1161 | D:3      | Reached skill level 4 in Unarmed Combat
  1207 | D:3      | Reached XP level 5. HP: 53/53 MP: 4/4
  1229 | D:3      | Found a bloodstained altar of Trog.
  1517 | D:3      | Found an ancient bone altar of Kikubaaqudgha.
  1603 | D:3      | Found Cairorithi's Book Shop.
  1680 | D:4      | Noticed an ogre
  1688 | D:4      | Killed an ogre
  1689 | D:4      | Reached XP level 6. HP: 43/61 MP: 5/5
  1830 | D:4      | Reached skill level 5 in Unarmed Combat
  1838 | D:4      | Slain by an orc

Illustrated notes

Levels and vault maps discovered:
D:1:      lemuel_arrival_broad_hall, layout_rooms,
          hellmonk_ecumenical_altar_run_dry
D:2:      layout_basic, nicolae_eternal_life, minmay_tetromino_l2
D:3:      layout_rooms, lightli_temple_of_fire, kiku_gazebo_garden_becter,
          serial_shops, shop, nicolae_shop_hallway_stairs, shop, shop,
          nicolae_titane
D:4:      layout_cave_pools, zin_scriptorium

Skill      XL: |  1  2  3  4  5  6 |
---------------+-------------------+-----
Shields        | 3 |  3.9
Unarmed Combat | 3 4 5 |  5.0
Fighting       | 3 |  3.5
Dodging        | |  2.4

Action                   |  1- 3 |  4- 6 || total
-------------------------+-------+-------++-------
Melee: Unarmed           |    77 |   132 ||   209
 Stab: Sleeping          |     2 |       ||     2
Armor: Robe              |    17 |    39 ||    56
Dodge: Dodged            |    19 |    40 ||    59
Block: Kite shield       |    22 |    43 ||    65
